cohdb
Replays
Latest Replays
All Replays
Popular Replays
Top Player Replays
Match Explorer
How It Works
Community
CoH3 Stats
Reddit
Sign in to upload your games and track your stats! →
Sign in with Steam
Match 41619559
Unlisted
Match 41619559
Overview
Messages
Build Orders
End
Panzergrenadier Squad
Selects Italian Infantry
Selects Italian Infantry
Panzergrenadier Squad
Panzergrenadier Squad
Construct Light Support Kompanie
2.5-tonne Medical Truck
Fire Support Elements
Selects Guastatori Squad
Guastatori Squad
Selects Defensive Operations
Selects Territory Booby Traps
Construct Panzerarmee Kommand
Veteran Squad Leaders
~SOK-BarbaPeñaloza
zypnix
3rdDUI
Bruistablet
0
0
Comments
sign in to comment!
No comments posted yet!